 Dungeon Crawl Stone Soup version 0.31-a0-152-g6aa68a64a1 (webtiles) character file.

Game seed: 14786376161553178452

17 qw the Shooter (level 2, 0/17 HPs)
             Began as a Gargoyle Hunter on June 10, 2023.
             Slain by a cerulean imp
             ... wielding a +1 spear
             ... summoned by Natasha
              (2 damage)
             ... on level 2 of the Dungeon.
             The game lasted 00:00:11 (760 turns).

qw the Shooter (Gargoyle Hunter)                     Turns: 760, Time: 00:00:12

Health: 0/17       AC:  5    Str: 14    XL:     2   Next: 62%
Magic:  2/2        EV: 11    Int:  9    God:
Gold:   51         SH:  0    Dex: 13    Spells: 1/1 levels left

rFire   . . .        Y - +0 shortbow
rCold   . . .        (shield currently unavailable)
rNeg    + . .        c - +0 leather armour
rPois   inf          (no helmet)
rElec   +            (no cloak)
rCorr   .            (no gloves)
SInv    .            (no boots)
Will    .....        (no amulet)
Stlth   +            (no ring)
HPRegen 0.22/turn    (no ring)
MPRegen 0.08/turn

%: no passive effects
@: no status effects
A: sickness immunity, AC +2, negative energy resistance 1, electricity
resistance, torment resistance 1, petrification resistance
a: no special abilities


You were on level 2 of the Dungeon.
You visited 1 branch of the dungeon, and saw 2 of its levels.

You collected 51 gold pieces.


Innate Abilities, Weirdness & Mutations

You are immune to sickness and miasma.
Your stone body is resilient. (AC +2)
You are immune to poison.
You resist negative energy. (rN+)
You are resistant to electric shocks. (rElec)
You are resistant to unholy torment.
You are immune to petrification.


   Skills:
 - Level 2.1 Fighting
 + Level 4.7 Ranged Weapons
 - Level 1.5 Dodging
 - Level 1.1 Stealth


You had one spell level left.
You didn't know any spells.
Your spell library was empty.

Inventory:

Hand Weapons
 Y - a +0 shortbow (weapon)
Armour
 c - a +0 leather armour (worn)
Scrolls
 a - a scroll of identify
Potions
 d - a potion of curing
 g - a potion of haste {unknown}
 h - a potion of might {unknown}
 i - a potion of resistance {unknown}

Dungeon Overview and Level Annotations

Branches:
Dungeon (2/15)

Altars:

Annotations:
D:2 Natasha


Message History

The arrow hits Natasha but does no damage.
Natasha is moderately wounded.
Natasha casts a spell.
You shoot an arrow.
The arrow closely misses the cerulean imp.
The arrow hits Natasha!
Natasha is almost dead.
The cerulean imp hits you but does no damage.
You shoot an arrow.
The arrow closely misses the cerulean imp.
Natasha howls an incantation.
Natasha glows brightly for a moment.
The cerulean imp hits you but does no damage.
You shoot an arrow.
The arrow closely misses the cerulean imp.
Natasha mumbles some strange words.
The cerulean imp hits you but does no damage.
You shoot an arrow. The arrow misses the cerulean imp.
The cerulean imp hits you but does no damage.
Natasha mumbles some strange words.
You shoot an arrow.
The arrow closely misses the cerulean imp.
The cerulean imp hits you but does no damage.
The cerulean imp hits you from afar with a +2 spear.
You shoot an arrow.
The arrow closely misses the cerulean imp.
The cerulean imp hits you with a +1 spear.
The cerulean imp hits you but does no damage.
Natasha barely misses you.
The cerulean imp hits you but does no damage.
You shoot an arrow. The arrow misses Natasha.
The arrow hits the cerulean imp.
The cerulean imp is moderately wounded.
The cerulean imp hits you but does no damage.
The cerulean imp hits you from afar with a +2 spear.
Natasha claws you but does no damage.
The cerulean imp hits you from afar with a +2 spear.
You shoot an arrow. The arrow closely misses Natasha.
The arrow barely misses the cerulean imp.
The cerulean imp hits you with a +1 spear.
You die...

..............
.............. #
....%......... .#
.............. #.##
.#.........<#### ...#
.##..#..##.#... ....#
.....#..##.#.#####....#
###..#................#
##.).....#....@#
#.#..##...###5h5...#
#+#..##...# #.#5..##
...###.#.....#.#.#
....# #.#.##... # #
..... #.#.##...# .....
######...# .....


You could see Natasha and 3 cerulean imps.

Vanquished Creatures
  A worm (D:2)
  2 ball pythons (D:1)
  3 endoplasms (D:1)
  A hobgoblin (D:1)
  A quokka (D:1)
  A bat (D:1)
  A frilled lizard (D:1)
  A kobold (D:1)
  4 rats
15 creatures vanquished.

Notes
Turn   | Place    | Note
-------+----------+-------------------------------------------
     0 | D:1      | qw the Gargoyle Hunter began the quest for the Orb.
     0 | D:1      | Reached XP level 1. HP: 12/12 MP: 1/1
     0 | D:1      | 0 ||| qw: Version: 0.2-a-29-gd901d54
     0 | D:1      | 0 ||| qw: Game counter: 4002
     0 | D:1      | 0 ||| qw: Always use a shield: true
     0 | D:1      | 0 ||| qw: God list: Okawaru
     0 | D:1      | 0 ||| qw: Allow faded altars: false
     0 | D:1      | 0 ||| qw: Do Orc after D:15 true
     0 | D:1      | 0 ||| qw: Do second Lair branch before Depths: true
     0 | D:1      | 0 ||| qw: Lair rune preference: random
     0 | D:1      | 0 ||| qw: Plans: Normal, Zot:1-4, Slime:5, God:TSO, Crypt,
                  | Tomb, Abyss, Pan, Hells, Win
     0 | D:1      | 0 ||| PLANNING D:1-11
   128 | D:1      | Reached XP level 2. HP: 17/17 MP: 2/2
   497 | D:1      | Found a faded altar of an unknown god.
   620 | D:1      | 620 ||| DROPPING ring of flight.
   621 | D:1      | 621 ||| READING 3 scrolls labelled XAYKIL YLYLL.
   622 | D:1      | 622 ||| READING 2 scrolls of identify.
   622 | D:1      | 622 ||| IDENTIFYING viscous silvery potion
   623 | D:1      | 623 ||| DROPPING scroll of butterflies.
   750 | D:2      | Noticed Natasha
   759 | D:2      | HP: 2/17 [cerulean imp/+2 spear[Natasha] (5)]
   760 | D:2      | Slain by a cerulean imp

Levels and vault maps discovered:
D:1:      minmay_arrival_loop, layout_loops_ring,
          shapermc_ecumenical_altar_hornbeckon
D:2:      layout_basic, kennysheep_generic_room_7, uniq_natasha

Action                     || total
---------------------------++-------
   Fire: Shortbow          ||    40
    Use: Scroll            ||     2
 Armour: Leather armour    ||    10
  Dodge: Dodged            ||     2

Table legend:
 A = Non-vault XP
 B = Vault XP
 C = Vault XP percentage of total XP
 D = Non-vault monster count
 E = Vault monster count
 F = Vault count percentage of total count
                 A         B        C        D         E       F
            +---------+---------+-------+---------+---------+-------
      Total |      25 |       0 |   0.0 |      15 |       0 |   0.0
            +---------+---------+-------+---------+---------+-------
        D:1 |      19 |       0 |   0.0 |      13 |       0 |   0.0
        D:2 |       6 |       0 |   0.0 |       2 |       0 |   0.0
            +---------+---------+-------+---------+---------+-------
